 Dungeon Crawl Stone Soup version 0.17.0-18-gaab0e96 (webtiles) character file.

2432 SKei0 the Fighter (level 9, -3/62 HPs)
             Began as a Gargoyle Fighter on Nov 11, 2015.
             Was a Believer of the Shining One.
             Slain by Psyche
             ... wielding a +3 dagger of distortion
              (5 damage)
             ... on level 8 of the Dungeon.
             The game lasted 00:21:02 (7821 turns).

SKei0 the Fighter (Gargoyle Fighter)                Turns: 7821, Time: 00:21:02

Health: -3/62      AC: 14    Str: 23    XL:     9   Next: 48%
Magic:  9/9        EV:  7    Int:  9    God:    the Shining One [**....]
Gold:   400        SH:  9    Dex:  9    Spells: 0 memorised, 8 levels left

rFire  . . .     SeeInvis .     a - +1 flail
rCold  + . .     Clarity  .     x - +1 scale mail {rC+}
rNeg   + + +     SustAt   .     c - +0 shield
rPois  ∞         Gourm    .     (no helmet)
rElec  +         Spirit   .     (no cloak)
rCorr  .         Warding  .     (no gloves)
rMut   .         Stasis   .     (no boots)
MR     .....                    (no amulet)
Stlth  +.........               l - ring of positive energy
                                f - ring of stealth

@: glowing, not resistant to hostile enchantments, very unstealthy
A: negative energy resistance 1, electricity resistance, unbreathing,
petrification resistance, rot immunity, AC +5
a: Divine Shield, Renounce Religion


You were on level 8 of the Dungeon.
You worshipped the Shining One.
The Shining One was pleased with you.
You were not hungry.

You visited 1 branch of the dungeon, and saw 8 of its levels.
You also visited: Sewer.

You collected 400 gold pieces.

Inventory:

Hand Weapons
 a - a +1 flail (weapon)
Armour
 b - a +0 scale mail
 c - a +0 shield (worn)
 x - a +1 scale mail of cold resistance (worn)
Jewellery
 f - a ring of stealth (left hand)
 l - a ring of positive energy (right hand)
 y - a cursed ring of teleportation {unknown}
Wands
 C - a wand of confusion (20)
Scrolls
 g - 4 scrolls of blinking
 m - 7 scrolls of remove curse
 n - a scroll of enchant armour {unknown}
 r - 5 scrolls of identify
 s - a scroll of recharging {unknown}
 t - a scroll of vulnerability {unknown}
 u - 3 scrolls of teleportation
 E - a scroll of noise {unknown}
 F - a scroll of amnesia
Potions
 d - 4 potions of might
 j - 3 potions of lignification {unknown}
 o - 4 potions of curing
 p - a potion of experience {unknown}
 v - 3 potions of agility
 w - 8 potions of heal wounds {unknown}
 A - 2 potions of brilliance {unknown}
 B - a potion of flight {unknown}
Comestibles
 e - 9 bread rations
 h - 2 royal jellies
 i - 10 fruits
 k - a slice of pizza
 q - 3 meat rations


   Skills:
 * Level 10.1 Fighting
 + Level 6.4 Maces & Flails
 + Level 7.7 Armour
 - Level 3.2 Shields


You had 8 spell levels left.
You didn't know any spells.

Dungeon Overview and Level Annotations

Branches:
Dungeon (8/15)             Temple (0/1) D:4            Lair (0/8) D:8

Altars:
Cheibriados
Dithmenos
Sif Muna
Yredelemnul
The Shining One

Annotations:
D:8 Psyche


Innate Abilities, Weirdness & Mutations

You are resistant to torment.
Your stone body is resilient (AC +5).
You are immune to poison.
You resist negative energy.
You are resistant to electric shocks.
You can survive without breathing.
You are immune to petrification.
You are immune to rotting.


Message History

You block Psyche's attack.
You closely miss Psyche.
Psyche is heavily wounded.
You block Psyche's attack. x2
Psyche sings.
Psyche hits you but does no damage. Space warps horribly around you!
Drink which item? (? for menu, Esc to quit)
You feel better.
Psyche sings.
Psyche closely misses you. Psyche hits you but does no damage.
Space bends around you.
You thump Psyche!
Psyche is severely wounded.
You block Psyche's attack. Psyche barely misses you.
You hit Psyche.
Psyche is almost dead.
Psyche hits you but does no damage. Space warps horribly around you!
* * * LOW HITPOINT WARNING * * *
Psyche hits you with a dagger of distortion.
You die...

.......# ..##.#.###..+_'.!.###
.......####....#......#+#.....#
.....#.C§...#.......†.....###.###
.....######.#......$......# #....
..... #...........##### ####.
..... ##.........# #.. ....
###.......# ##. ... #..>##### ##
##@.# #<@# ##.# #.# #.# ###


You could see Psyche.

Vanquished Creatures
  A hungry ghost (D:8)
  A water moccasin (D:8)
  2 orc warriors
  A sky beast (D:4)
  An ogre (D:7)
  3 ice beasts
  2 centaurs
  2 big kobolds
  2 giant frogs
  2 scorpions
  6 killer bees
  A quasit (D:6)
  A crimson imp (D:7)
  An orc priest (D:3)
  6 hounds
  4 worker ants
  3 orc wizards (D:6)
  Robin (D:3)
  11 adders
  4 river rats (Sewer)
  2 oozes (D:1)
  2 adder skeletons
  An adder zombie (D:5)
  4 giant geckos
  10 orcs
  7 ball pythons
  8 bats
  6 giant cockroaches
  24 goblins
  9 hobgoblins
  19 jackals
  24 kobolds
  5 quokkas
  A giant cockroach zombie (D:5)
  2 giant newts (D:1)
  25 rats
204 creatures vanquished.

Notes
Turn   | Place    | Note
--------------------------------------------------------------
     0 | D:1      | SKei0 the Gargoyle Fighter began the quest for the Orb.
     0 | D:1      | Reached XP level 1. HP: 14/14 MP: 1/1
   178 | D:1      | Reached XP level 2. HP: 16/19 MP: 2/2
   515 | D:1      | Reached XP level 3. HP: 24/24 MP: 3/3
   638 | D:1      | Reached skill level 4 in Fighting
   907 | D:2      | Found a glowing golden altar of the Shining One.
   916 | D:2      | Became a worshipper of the Shining One
  1083 | D:2      | Reached XP level 4. HP: 30/30 MP: 4/4
  1934 | D:3      | Reached XP level 5. HP: 30/34 MP: 5/5
  2171 | D:3      | Reached skill level 5 in Fighting
  2615 | D:3      | Noticed Robin
  2629 | D:3      | Killed Robin
  2922 | D:4      | Found a staircase to the Ecumenical Temple.
  2954 | D:4      | Found a deep blue altar of Sif Muna.
  2961 | D:4      | Reached * piety under the Shining One
  3013 | D:4      | Noticed a sky beast
  3021 | D:4      | Killed a sky beast
  3021 | D:4      | Reached XP level 6. HP: 38/41 MP: 6/6
  3589 | D:5      | Entered Level 5 of the Dungeon
  3592 | D:5      | Found a shadowy altar of Dithmenos.
  3626 | D:5      | Found a snail-covered altar of Cheibriados.
  3809 | D:5      | Reached skill level 5 in Armour
  3896 | D:5      | Reached skill level 6 in Fighting
  3975 | D:5      | Found a glowing drain.
  3992 | Sewer    | Entered a sewer
  4042 | Sewer    | Reached XP level 7. HP: 41/47 MP: 7/7
  4853 | D:6      | Reached skill level 7 in Fighting
  4971 | D:6      | Reached XP level 8. HP: 15/53 MP: 8/8
  5493 | D:6      | Reached skill level 8 in Fighting
  5493 | D:6      | Reached skill level 5 in Maces & Flails
  5698 | D:6      | Reached ** piety under the Shining One
  6537 | D:7      | Reached skill level 9 in Fighting
  6550 | D:7      | Reached XP level 9. HP: 54/60 MP: 9/9
  7446 | D:8      | Reached skill level 10 in Fighting
  7489 | D:8      | Noticed a hill giant
  7746 | D:8      | Found a staircase to the Lair.
  7797 | D:8      | Found a basalt altar of Yredelemnul.
  7810 | D:8      | Noticed Psyche
  7821 | D:8      | HP: 2/62 [Psyche/dagger of distortion (21)]
  7821 | D:8      | Slain by Psyche

Action                   |  1- 3 |  4- 6 |  7- 9 || total
-------------------------+-------+-------+-------++-------
Melee: Flail             |   175 |   263 |   364 ||   802
  Use: Scroll            |     2 |     2 |     6 ||    10
       Potion            |       |       |     3 ||     3
  Eat: Chunk             |     1 |    10 |    11 ||    22
       Pizza             |       |       |     1 ||     1
       Beef jerky        |       |       |     1 ||     1
